 Dungeon Crawl Stone Soup version 0.30-a0-272-gf98c3da03f (webtiles) character file.

Game seed: 17092484190509540898

303 Powertoast the Shooter (level 6, -4/46 HPs)
             Began as a Barachi Hunter on Oct 15, 2022.
             Slain by bchevrier's ghost (6 damage)
             ... on level 3 of the Dungeon.
             The game lasted 00:06:49 (1952 turns).

Powertoast the Shooter (Barachi Hunter)             Turns: 1952, Time: 00:06:50

Health: -4/46      AC:  2    Str: 16    XL:     6   Next: 38%
Magic:  6/6        EV: 12    Int:  9    God:
Gold:   104        SH:  0    Dex: 22    Spells: 5/5 levels left

rFire   . . .      SeeInvis .    a - +0 shortbow
rCold   . . .      Faith    .    (shield currently unavailable)
rNeg    . . .      Spirit   .    c - +0 leather armour
rPois   .          Reflect  .    h - +0 helmet
rElec   .          Harm     .    (no cloak)
rCorr   .          Rampage  .    (no gloves)
Will    .....                    (no boots)
Stlth   ++........               (no amulet)
HPRegen 0.27/turn                k - +6 ring of dexterity
MPRegen 0.10/turn                (no ring)

@: unable to hop, slow
A: amphibious, slowness 1, strong legs 1, +LOS, deformed body, strong 1,
evolution 1
a: Hop


You were on level 3 of the Dungeon.
You visited 1 branch of the dungeon, and saw 3 of its levels.

You collected 104 gold pieces.

Inventory:

Hand Weapons
 a - a +0 shortbow (weapon)
Armour
 c - a +0 leather armour (worn)
 h - a +0 helmet (worn)
Jewellery
 k - a +6 ring of dexterity (left hand)
Scrolls
 b - 2 scrolls of immolation
 d - 3 scrolls of butterflies
 e - 2 scrolls of identify {unknown}
 f - a scroll of vulnerability {unknown}
 g - 2 scrolls of summoning {unknown}
 j - a scroll of magic mapping {unknown}
Potions
 i - 2 potions of curing
 l - a potion of haste {unknown}
 m - a potion of resistance {unknown}
 n - a potion of lignification {unknown}
 o - a potion of heal wounds {unknown}
 p - 2 potions of mutation


   Skills:
 - Level 2.4 Fighting
 + Level 7.5 Ranged Weapons
 - Level 2.1 Dodging
 - Level 0.8 Stealth


You had 5 spell levels left.
You didn't know any spells.
Your spell library contained the following spells:

 Spells                   Type           Power      Damage    Failure   Level
 Blink                    Tloc           0%         N/A       58%         2
 Manifold Assault         Tloc           0%         N/A       99%         4
 Storm Form               Tmut/Air       0%         N/A       100%        7


Dungeon Overview and Level Annotations

Branches:
Dungeon (3/15)

Altars:
Ru

Shops:
D:3 :

Annotations:
D:3 bchevrier's ghost, amateur GnWn


Innate Abilities, Weirdness & Mutations

You are amphibious.
You cover ground slowly.
You can hop short distances.
You have an extended range of vision and can be seen from far away.
Armour fits poorly on your strangely shaped body.
Your muscles are strong. (Str +4, Int/Dex -1)
You have hidden genetic potential.


Message History

Press: ? - help, Q - select action, (/) - cycle Dir - move target, p - bchevrier's ghost Boing!
It was a potion of mutation.
You feel extremely strange.
Your body twists and deforms.
You feel a hidden potential growing inside you.
You feel stronger.
You are too injured to fight recklessly!
Your legs are too worn out to hop.
Your legs are too worn out to hop.
(D) Dungeon
Where to? (Enter - D:3, ? - help)
Okay, then.
You are too injured to fight recklessly!
Your legs are too worn out to hop.
Your legs are too worn out to hop.
Fire: a) +0 shortbow
Press: ? - help, Shift-Dir - straight line, f - bchevrier's ghost
Aim: bchevrier's ghost (lightly damaged, 70% to hit)
You shoot an arrow.
The arrow closely misses bchevrier's ghost.
Fire: a) +0 shortbow
Press: ? - help, Shift-Dir - straight line, f/p - bchevrier's ghost
Aim: bchevrier's ghost (lightly damaged, 70% to hit)
You shoot an arrow.
The arrow barely misses bchevrier's ghost.
Bchevrier's ghost hits you!
* * * LOW HITPOINT WARNING * * *
You shoot an arrow. The arrow hits bchevrier's ghost.
Bchevrier's ghost is lightly damaged.
Bchevrier's ghost barely misses you. Bchevrier's ghost hits you!
* * * LOW HITPOINT WARNING * * *
You shoot an arrow.
The arrow hits bchevrier's ghost but does no damage.
Bchevrier's ghost is lightly damaged.
Bchevrier's ghost closely misses you.
You shoot an arrow.
The arrow barely misses bchevrier's ghost.
Bchevrier's ghost stares at you. Bchevrier's ghost hits you.
You die...

#............................#
#.............#..##########..#
#.......#.#......#.##.# ##.###
#.......#.#.#.#....##.# #....
#....####.#.#.......#.# ####.
#....# #...#.#.......# #######.
#....# #.....#.....#.# #....##.
#.^..# #.#...........# #....###
#....# #.....W@.##.#.# #....###
#....#######........#.#####.###.
#....#.....#..........#..(..###.
######$~~~~'.....##.............
######.....#..........#)..#.#...
#....#######....................
#..........##....##.#.#.........
#..........'...#.##.#.########.#
#..........##..####.#....#......


You could see bchevrier's ghost.

Vanquished Creatures
  Sigmund (D:2)
  Natasha (thrice) (D:2)
  2 adders (D:2)
  A dart slug (D:3)
  An orc (D:3)
  7 ball pythons
  5 endoplasms
  4 goblins
  4 hobgoblins
  4 quokkas
  3 bats
  3 frilled lizards
  4 kobolds
  9 rats
51 creatures vanquished.

Notes
Turn   | Place    | Note
-------+----------+-------------------------------------------
     0 | D:1      | Powertoast the Barachi Hunter began the quest for the Orb.
     0 | D:1      | Reached XP level 1. HP: 17/17 MP: 1/1
    62 | D:1      | Reached XP level 2. HP: 23/23 MP: 2/2
   249 | D:1      | You fall into a shaft and drop 1 floor!
   298 | D:2      | Found a faded altar of an unknown god.
   463 | D:2      | Noticed Natasha
   468 | D:2      | Killed Natasha
   469 | D:2      | Reached skill level 5 in Ranged Weapons
   469 | D:2      | Reached XP level 3. HP: 27/28 MP: 3/3
   553 | D:2      | Reached XP level 4. HP: 34/34 MP: 4/4
   699 | D:2      | Noticed Natasha
   706 | D:2      | Killed Natasha
   748 | D:2      | Noticed Sigmund
   757 | D:2      | Killed Sigmund
   758 | D:2      | Reached skill level 7 in Ranged Weapons
   758 | D:2      | Reached XP level 5. HP: 26/39 MP: 5/5
   758 | D:2      | Reached XP level 6. HP: 31/46 MP: 6/6
  1092 | D:2      | Noticed Natasha
  1105 | D:2      | Killed Natasha
  1249 | D:3      | Found Xigh's Book Shoppe.
  1326 | D:3      | Found a runed translucent door.
  1332 | D:3      | Noticed bchevrier's ghost (amateur GnWn)
  1862 | D:3      | Found a sacrificial altar of Ru.
  1946 | D:3      | Gained mutation: Armour fits poorly on your strangely
                  | shaped body. [potion of mutation]
  1946 | D:3      | Gained mutation: You have hidden genetic potential. [potion
                  | of mutation]
  1946 | D:3      | Gained mutation: Your muscles are strong. (Str +4, Int/Dex
                  | -1) [potion of mutation]
  1950 | D:3      | HP: 1/46 [bchevrier's ghost (7)]
  1952 | D:3      | Slain by bchevrier's ghost

Illustrated notes

Levels and vault maps discovered:
D:1:      dpeg_arrival_short_road, layout_basic, minmay_pentomino_w4
D:2:      layout_loops_ring, hellmonk_ecumenical_altar_lost_god,
          minmay_box_of_dots, uniq_sigmund, uniq_natasha
D:3:      layout_basic, hangedman_ru_absence, serial_shops,
          nicolae_shop_statue_plus, ebering_ghost_reflecting_pool

Skill      XL: |  1  2  3  4 |
---------------+-------------+-----
Ranged Weapons | 5 7 |  7.5
Fighting       | |  2.4
Dodging        | |  2.1
Stealth        | |  0.8

Action                   |  1- 3 |  4- 6 || total
-------------------------+-------+-------++-------
 Fire: Shortbow          |    61 |   102 ||   163
 Abil: Hop               |       |     2 ||     2
  Use: Scroll            |       |     1 ||     1
       Potion            |       |     1 ||     1
Armor: Leather armour    |     5 |     4 ||     9
Dodge: Dodged            |    13 |    22 ||    35

Table legend: (Time is in decaauts)
 A = Elapsed time spent in this place.
 B = Non-inter-level travel time spent in this place.
 C = Inter-level travel time spent in this place.
 D = Time resting spent in this place.
 E = Time spent auto-exploring this place.
 F = Levels seen in this place.
 G = Mean time per level.
                   A        B        C        D        E       F      G
               +--------+--------+--------+--------+--------+-----+--------+
         Total |   2301 |   2273 |     28 |     15 |   1911 |   3 |  767.0 |
       Dungeon |   2301 |   2273 |     28 |     15 |   1911 |   3 |  767.0 |
               +--------+--------+--------+--------+--------+-----+--------+

Top non-repeatable levels by time:
     D:2: 1160 daAuts
     D:3: 841 daAuts
     D:1: 298 daAuts
